 Dungeon Crawl Stone Soup version 0.28.0 (webtiles) character file.

Game seed: 17902509097180584632

3763 Hasart the Slasher (level 9, -5/74 HPs)
             Began as a Demigod Fighter on Feb 11, 2022.
             Slain by a sun demon (16 damage)
             ... summoned by an orc high priest
             ... in a bailey.
             The game lasted 00:22:57 (10106 turns).

Hasart the Slasher (Demigod Fighter)               Turns: 10106, Time: 00:22:58

Health: -5/74      AC: 19    Str: 21    XL:     9   Next: 63%
Magic:  11/11      EV:  8    Int: 10    God:
Gold:   370        SH:  8    Dex: 21    Spells: 8/8 levels left

rFire   . . .      SeeInvis .   t - +1 dagger (venom)
rCold   . . .      Faith    .   o - +2 buckler
rNeg    . . .      Spirit   .   i - +0 plate armour
rPois   .          Reflect  .   w - +1 hat
rElec   .          Harm     .   x - +2 cloak
rCorr   +          Rampage  .   (no gloves)
Will    .....                   s - +2 pair of boots
Stlth   ..........              (no amulet)
HPRegen 0.22/turn               G - ring of resist corrosion
MPRegen 0.12/turn               (no ring)

@: invisible
A: high MP 1, forlorn, divine attributes
a: no special abilities


You were in a bailey.
You visited 1 branch of the dungeon, and saw 7 of its levels.
You also visited: Ossuary and Bailey.

You collected 370 gold pieces.

Inventory:

Hand Weapons
 a - a +0 long sword
 t - a +1 dagger of venom (weapon)
 F - a +3 great sword
Missiles
 f - 24 poisoned darts
 r - 14 boomerangs (quivered)
 A - 3 curare-tipped darts
 D - 6 javelins
Armour
 i - a +0 plate armour (worn)
 l - a +0 cloak
 o - a +2 buckler (worn)
 s - a +2 pair of boots (worn)
 w - a +1 hat (worn)
 x - a +2 cloak (worn)
Jewellery
 p - a ring of magical power
 E - a ring of ice
 G - a ring of resist corrosion (left hand)
Wands
 j - a wand of mindburst (1)
Scrolls
 b - 2 scrolls of magic mapping
 c - 3 scrolls of blinking
 g - 6 scrolls of teleportation
 q - 4 scrolls of identify
 y - a scroll of vulnerability
Potions
 d - 4 potions of curing
 e - 2 potions of resistance
 h - a potion of cancellation {unknown}
 k - 2 potions of haste
 m - 3 potions of brilliance
 v - 3 potions of degeneration {unknown}
 z - 2 potions of magic {unknown}
 C - 3 potions of heal wounds {unknown}


   Skills:
 + Level 5.5 Fighting
 * Level 7.2 Long Blades
 + Level 4.5 Throwing
 + Level 5.3 Armour
 + Level 4.5 Dodging
 + Level 5.4 Shields
 + Level 2.7 Evocations


You had 8 spell levels left.
You didn't know any spells.
Your spell library contained the following spells:

 Spells                   Type           Power      Damage    Failure   Level
 Beastly Appendage        Tmut           0%         N/A       100%        1
 Freeze                   Ice            0%         1d3       100%        1
 Ensorcelled Hibernation  Hex/Ice        0%         N/A       100%        2
 Wereblood                Tmut           0%         N/A       100%        2
 Frozen Ramparts          Ice            0%         1d2       100%        3
 Gell's Gravitas          Tloc           0%         N/A       100%        3
 Lesser Beckoning         Tloc           0%         N/A       100%        3
 Spider Form              Tmut/Pois      0%         N/A       100%        3
 Teleport Other           Tloc           0%         N/A       100%        3
 Anguish                  Hex/Necr       0%         N/A       100%        4
 Hailstorm                Conj/Ice       0%         3d3       100%        4


Dungeon Overview and Level Annotations

Branches:
Dungeon (7/15)             Temple (0/1) D:4         Ossuary (visited)
 Bailey (1/1)


Innate Abilities, Weirdness & Mutations

You have an increased reservoir of magic. (+10% MP)
You shall have no god before yourself.
Your divine heritage dramatically boosts your attributes as you level up.


Message History

Unknown command.
You hit the orc high priest.
The orc high priest looks as sick as possible!
The orc high priest is lightly wounded.
The orc high priest hits you but does no damage.
Unknown command.
Press: ? - help, v - describe, . - travel, g - get item
Here: a sun demon (summoned)
Items here: )) [[ ††.
The floor.
You fade into invisibility!
The goblin hits you but does no damage.
The soul eater draws from the surrounding life force!
The orc high priest barely misses you. The sun demon misses you.
Unknown command.
Unknown command.
You hit the orc high priest but do no damage.
The orc high priest looks as sick as possible!
The orc high priest is lightly wounded.
The orc high priest calls down the wrath of Beogh upon you.
Pain shoots through your body! The sun demon barely misses you.
Unknown command.
You hit the orc high priest but do no damage.
The orc high priest looks as sick as possible!
The orc high priest is lightly wounded.
You block the goblin's attack. You block the sun demon's attack.
The orc high priest hits you with a +0 war axe.
You hit the orc high priest.
The orc high priest looks as sick as possible!
The orc high priest is moderately wounded.
You block the goblin's attack. The sun demon hits you.
You are engulfed in flames!
The orc high priest barely misses you.
Unknown command.
You hit the orc high priest but do no damage.
The orc high priest looks as sick as possible!
The orc high priest is moderately wounded.
The sun demon hits you!!
* * * LOW HITPOINT WARNING * * *
You are engulfed in flames!
You die...

#≈≈≈≈≈#+#..###############
#≈≈≈≈≈#....'.....#).)....#
#≈≈≈≈≈#....#.....'.8.8)8.#
#≈≈≈≈≈#.##############...##
#≈≈≈≈≈≈.#))'.# #.....
#≈≈≈≈≈≈.#))# #...))
#≈≈≈≈≈≈.#..# #####'
#≈≈≈≈≈≈.######### #....
#≈≈≈≈≈≈.#.@8K8..#.. #....
#≈≈≈≈≈≈∩.3go4...'._ #..⌠.
#≈≈≈≈≈≈.#..838..#.. #....
#≈≈≈≈≈≈.######### #....
#≈≈≈≈≈≈.#..# #####'
#≈≈≈≈≈≈.#!!# #.....
#≈≈≈≈≈≈.#?:+ #...).
#≈≈≈≈≈#.##############.).##
#≈≈≈≈≈#....#.....).8.8.8.#


You could see a soul eater (summoned), an orc high priest (extremely poisoned),
a sun demon (summoned), a hellwing (summoned), a kobold demonologist and a
goblin.

Vanquished Creatures
  An orc knight (Bailey)
  Sigmund (D:5)
  Menkaure (Ossuary)
  Duvessa (D:7)
  A water moccasin (D:5)
  A necrophage (D:6)
  2 ice beasts (D:6)
  2 ogres
  6 orc warriors (Bailey)
  3 phantoms
  3 kobold brigands
  A wyvern skeleton (D:7)
  A water moccasin skeleton (D:6)
  Dowan (D:7)
  A troll zombie (Ossuary)
  An electric eel (Bailey)
  7 wights
  A howler monkey (D:6)
  2 centaur zombies (Ossuary)
  A human zombie (Ossuary)
  6 hounds
  2 bullfrog skeletons
  An orc priest (D:7)
  3 iguanas
  An orc wizard (D:4)
  2 ogre zombies (Ossuary)
  6 mummies (Ossuary)
  A hound skeleton (D:4)
  4 gnolls
  5 adders
  A shadow imp (D:6)
  5 adder zombies (Ossuary)
  5 dart slugs
  22 orcs
  3 endoplasms
  2 giant cockroaches (D:1)
  13 hobgoblins
  2 jackals (D:4)
  19 kobolds
  3 quokkas
  8 ball pythons
  3 bats
  4 frilled lizards
  16 goblins
  4 goblin zombies
  6 hobgoblin zombies (Ossuary)
  3 kobold zombies (Ossuary)
  5 quokka zombies (Ossuary)
  9 rats
  3 rat zombies (Ossuary)
205 creatures vanquished.

Notes
Turn   | Place    | Note
-------+----------+-------------------------------------------
     0 | D:1      | Hasart the Demigod Fighter began the quest for the Orb.
     0 | D:1      | Reached XP level 1. HP: 18/18 MP: 3/3
   196 | D:1      | Reached skill level 2 in Long Blades
   419 | D:1      | Reached XP level 2. HP: 25/25 MP: 4/4
  1697 | D:2      | Reached XP level 3. HP: 26/30 MP: 5/5
  1818 | D:2      | Reached skill level 1 in Dodging
  2026 | D:3      | Reached skill level 1 in Throwing
  2086 | D:3      | Reached XP level 4. HP: 38/38 MP: 6/6
  2913 | D:4      | Reached skill level 3 in Long Blades
  2938 | D:4      | Found a sand-covered staircase.
  3130 | Ossuary  | Entered an ossuary
  3286 | Ossuary  | Reached XP level 5. HP: 32/45 MP: 7/7
  3858 | Ossuary  | Reached XP level 6. HP: 51/51 MP: 8/8
  3861 | Ossuary  | Noticed Menkaure
  3879 | Ossuary  | Killed Menkaure
  3886 | Ossuary  | Reached skill level 4 in Long Blades
  4320 | D:4      | Found a staircase to the Ecumenical Temple.
  4449 | D:4      | Identified the +3 ring mail of the Slightly Bent {rElec
                  | Int-5 Dex+7}
  4712 | D:4      | Reached XP level 7. HP: 51/58 MP: 9/9
  5017 | D:5      | Entered Level 5 of the Dungeon
  5518 | D:5      | Reached skill level 5 in Long Blades
  5816 | D:5      | Reached XP level 8. HP: 40/67 MP: 10/10
  5941 | D:5      | Noticed Sigmund
  5952 | D:5      | Killed Sigmund
  7253 | D:6      | Reached skill level 1 in Evocations
  7312 | D:6      | Reached skill level 6 in Long Blades
  8202 | D:7      | Noticed Duvessa
  8202 | D:7      | Noticed Dowan
  8205 | D:7      | Killed Duvessa
  8206 | D:7      | Reached skill level 5 in Fighting
  8206 | D:7      | Reached XP level 9. HP: 74/74 MP: 11/11
  8207 | D:7      | Killed Dowan
  8488 | D:7      | Reached skill level 5 in Shields
  8556 | D:7      | Reached skill level 5 in Armour
  8590 | D:7      | Found a flagged portal.
  8601 | Bailey   | Entered a bailey
  9418 | Bailey   | Noticed an orc knight
  9453 | Bailey   | Killed an orc knight
  9454 | Bailey   | Reached skill level 7 in Long Blades
 10090 | Bailey   | Noticed an orc high priest
 10094 | Bailey   | Noticed a kobold demonologist
 10097 | Bailey   | Noticed a hellwing
 10101 | Bailey   | Noticed a sun demon
 10101 | Bailey   | Noticed a soul eater
 10106 | Bailey   | Slain by a sun demon

Illustrated notes

Levels and vault maps discovered:
D:1:      lemuel_arrival_room, layout_basic,
          shapermc_ecumenical_altar_mp_urbaneastern
D:2:      layout_loops_cross
D:3:      layout_loops_ring
D:4:      layout_basic, minmay_temple_entry_statues_fountains, enter_ossuary_4
D:5:      layout_layer_cave, kennysheep_ying_yang, uniq_sigmund
D:6:      layout_cave_pods, minmay_splitting_lines,
          hangedman_decor_diamond_cutter
D:7:      lemuel_insect_pit, layout_cave_pools, enter_bailey_5, uniq_duvessa,
          uniq_menkaure
Bailey:   bailey_axe_of_yendor_kennysheep, bailey

Skill      XL: |  1  2  3  4  5  6  7  8  9 |
---------------+----------------------------+-----
Long Blades    | 2 3 4 5 6 7 |  7.2
Dodging        | 1 2 3 4 |  4.5
Fighting       | 3 4 5 |  5.5
Throwing       | 1 2 3 4 |  4.5
Armour         | 3 4 5 |  5.3
Shields        | 3 4 5 |  5.4
Evocations     | 1 2 |  2.7

Action                   |  1- 3 |  4- 6 |  7- 9 || total
-------------------------+-------+-------+-------++-------
Melee: Long sword        |   106 |   308 |   310 ||   724
       Dagger            |       |     5 |   174 ||   179
Throw: Boomerang         |       |       |    23 ||    23
       Dart              |       |       |    15 ||    15
Evoke: Wand              |       |       |     5 ||     5
  Use: Potion            |       |     1 |     1 ||     2
       Scroll            |       |       |    15 ||    15
Armor: Chain mail        |    29 |       |       ||    29
       Scale mail        |     3 |       |       ||     3
       Plate armour      |    40 |   188 |   217 ||   445
Dodge: Dodged            |    26 |    56 |   108 ||   190
Block: Buckler           |    21 |   105 |   175 ||   301
